 Dungeon Crawl Stone Soup version 0.19.4-10-g532645f (console) character file.

15021 Grinner the Grappler (level 11, -2/84 HPs)
             Began as a Troll Monk on Feb 22, 2017.
             Killed from afar by an acid blob (8 damage)
             ... with a splash of acid
             ... on level 5 of the Pits of Slime on Feb 23, 2017.
             The game lasted 00:36:09 (10750 turns).

Grinner the Grappler (Troll Monk)                  Turns: 10750, Time: 00:36:09

Health: -2/84      AC:  5    Str: 22    XL:     11   Next: 96%
Magic:  14/14      EV: 26    Int:  8    God:
Gold:   846        SH:  0    Dex: 21    Spells: 1 memorised, 14 levels left

rFire  . . .     SeeInvis .       - Unarmed
rCold  . . .     Gourm    +     A - +2 robe {rN+}
rNeg   + . .     Faith    .     (no shield)
rPois  .         Spirit   .     (helmet restricted)
rElec  .         Reflect  .     (no cloak)
rCorr  .         Harm     .     (gloves unavailable)
MR     +....                    (boots unavailable)
Stlth  +++.......               r - amulet of regeneration
                                C - +4 ring of dexterity
                                y - +4 ring of evasion

@: agile, corroded, very slightly contaminated, hasted, very quick
A: unfitting armour, antennae 1, claws 3, yellow scales 1, fast metabolism 3,
frail 1, gourmand, magic resistance 1, regeneration 1, shaggy fur 1, tough skin
2
a: no special abilities


You were on level 5 of the Pits of Slime.
You were full.

You visited 3 branches of the dungeon, and saw 21 of its levels.
You also visited: Ossuary.

You collected 846 gold pieces.

Inventory:

Armour
 A - a +2 robe of positive energy (worn)
Magical Staves
 K - an uncursed staff of death
Jewellery
 c - an uncursed ring of protection from fire
 d - an uncursed amulet of guardian spirit
 r - an amulet of regeneration (around neck)
 y - a +4 ring of evasion (left claw)
 C - a +4 ring of dexterity (right claw)
 O - an uncursed ring of protection from fire
 Y - an uncursed ring of protection from fire
Wands
 e - a wand of flame (20/48)
 f - a wand of iceblast (4/15)
 m - a wand of polymorph (0/24)
 p - a wand of confusion (24/48)
 t - a wand of random effects (27/48)
 L - a wand of slowing (7/48)
 S - a wand of iceblast (0/15)
 U - a wand of teleportation (2/9)
Scrolls
 a - 4 scrolls of noise
 g - 5 scrolls of magic mapping
 h - 4 scrolls of enchant armour
 i - 8 scrolls of teleportation
 k - 4 scrolls of amnesia
 o - 3 scrolls of recharging
 q - 3 scrolls of fog
 v - 8 scrolls of remove curse
 w - a scroll of immolation
 x - 2 scrolls of enchant weapon
 E - a scroll of brand weapon
 I - 3 scrolls of random uselessness
 P - a scroll of silence
 T - a scroll of identify
Potions
 n - 2 potions of agility
 s - 3 potions of curing
 z - a potion of invisibility
 B - a potion of haste
 F - 6 potions of cancellation
 G - a potion of ambrosia
 H - 2 potions of brilliance
 J - a potion of cure mutation
 M - a potion of might
 Q - 3 potions of lignification
 V - a potion of magic
 W - a potion of berserk rage
 X - a potion of heal wounds
Books
 N - Ejosoefe's Compendium of Weightlessness and Transmutation
   (You found it on level 11 of the Dungeon)

   Spells                             Type                      Level
   a - Sticks to Snakes               Transmutation                2
   b - Static Discharge               Conjuration/Air              3
   c - Irradiate                      Conjuration/Transmutation    5
 Z - a book of Conjurations

   Spells                             Type                      Level
   a - Magic Dart                     Conjuration                  1
   b - Searing Ray                    Conjuration                  2
   c - Dazzling Spray                 Conjuration/Hexes            3
   d - Fulminant Prism                Conjuration/Hexes            4
   e - Iskenderun's Mystic Blast      Conjuration                  4
   f - Iskenderun's Battlesphere      Conjuration/Charms           5
Comestibles
 b - 10 bread rations
 j - 4 slices of pizza
 l - 3 meat rations
 D - 13 fruits
 R - 3 beef jerkies


   Skills:
 - Level 2.4 Fighting
 + Level 9.1 Dodging
 - Level 1.0 Stealth
 * Level 14.4 Unarmed Combat
 + Level 3.1 Spellcasting
 + Level 4.0 Transmutations


You had 14 spell levels left.
You knew the following spells:

 Your Spells              Type           Power        Failure   Level  Hunger
s - Sticks to Snakes      Tmut           #.......     12%         2    ###....


Dungeon Overview and Level Annotations

Branches:
Dungeon (11/15)            Temple (0/1) D:7            Lair (5/6) D:11
  Swamp (0/4) Lair:2        Slime (5/5) Lair:5
  Snake: Lair:2-4    Spider: Lair:2-4       Orc: D:9-12

Altars:
Dithmenos
Hepliaklqana
Nemelex Xobeh
Sif Muna
Yredelemnul
The Shining One
Jiyva

Annotations:
Slime:5 Royal Jelly


Innate Abilities, Weirdness & Mutations

You are too large for most types of armour.
You have claws for hands.
Your metabolism is lightning-fast.
You like to eat raw meat.
Your natural rate of healing is unusually fast.
You are covered in fur. (AC +1)
You have very tough skin. (AC +2)
You have a pair of small antennae on your head.
You are partially covered in yellow scales. (AC +2)
You are frail. (-10% HP)
You are resistant to hostile enchantments. (MR+)


Message History

The acid blob spits acid at you. The splash of acid misses you.
The acid blob spits acid at you. The splash of acid hits you!
The acid corrodes you!
You are splashed with acid!
The acid burns!
The acid blob spits acid at you. The splash of acid hits you!
You are splashed with acid!
The acid burns!
You scratch the acid blob but do no damage.
Your claws burn!
The acid blob is lightly wounded.
You claw the acid blob!
Your claws burn!
The acid blob is moderately wounded.
The acid blob hits you!!
* * * LOW HITPOINT WARNING * * *
You are splashed with acid!
The acid burns!
* * * LOW HITPOINT WARNING * * *
Okay, then.
The acid blob spits acid at you. The splash of acid hits you!
You die...

#...#...#.## ...........#
...........##
................##
.................##
...................#
..................####
................<..#.#
................@....##.
........................
........................
................J.......
.....ยง..................
#....####...............
####.# ##..............
#.. #.............. #.##
##.............


You could see an acid blob.

Vanquished Creatures
  The ghost of ArseElementalist the Slicer, a journeyman HaWr of Uskayaw (D:9)
  An unseen horror (D:11)
  Pikel (D:5)
  A shining eye (Slime:5)
  2 black mambas
  A torpor snail (Lair:2)
  A rime drake (Lair:4)
  A komodo dragon (Lair:5)
  5 tyrant leeches (Lair:2)
  2 trolls
  8 blink frogs
  2 hippogriffs
  A wyvern (Lair:4)
  11 yaks
  Eustachio (D:5)
  A golden eye (Lair:5)
  Menkaure (Ossuary)
  2 wargs (D:11)
  Edmund (D:5)
  5 water moccasins
  Duvessa (D:5)
  8 porcupines
  2 slaves (D:5)
  An orc warrior (D:11)
  3 sky beasts
  3 black bears
  A necrophage (D:8)
  A phantom (D:7)
  3 ogres
  2 centaurs (D:10)
  5 crocodiles
  A big kobold (D:7)
  12 bullfrogs
  A gnoll sergeant (D:11)
  Dowan (D:5)
  2 scorpions
  A wyvern skeleton (D:10)
  2 water moccasin skeletons
  5 wights (D:10)
  4 howler monkeys
  5 crimson imps
  5 orc priests
  2 hounds
  A jelly (D:4)
  A bullfrog skeleton (D:8)
  4 iguanas
  Natasha (twice) (D:3)
  8 orc wizards
  7 worker ants
  3 hound skeletons
  3 mummies (Ossuary)
  9 adders
  3 gnolls (D:11)
  3 shadow imps
  2 oozes
  3 adder skeletons
  An adder zombie (D:9)
  2 worms
  6 dart slugs
  3 leopard geckos
  27 orcs
  8 bats
  3 giant cockroaches
  9 goblins
  10 hobgoblins
  13 kobolds
  5 quokkas
  5 ball pythons
  4 frilled lizards
  2 gnoll skeletons (Ossuary)
  3 gnoll zombies (Ossuary)
  2 goblin skeletons (Ossuary)
  A goblin zombie (D:8)
  A hobgoblin skeleton (Ossuary)
  5 hobgoblin zombies (Ossuary)
  4 kobold skeletons (Ossuary)
  3 kobold zombies (Ossuary)
  2 leopard gecko skeletons
  2 orc skeletons (Ossuary)
  An orc zombie (Ossuary)
  A quokka skeleton (D:5)
  A quokka zombie (D:8)
  23 rats
  A rat skeleton (Ossuary)
  3 rat zombies (Ossuary)
320 creatures vanquished.

Vanquished Creatures (others)
  2 gnoll zombies (Ossuary)
  2 gnoll skeletons (Ossuary)
  3 goblin skeletons (Ossuary)
  2 goblin zombies (Ossuary)
  A hobgoblin skeleton (Ossuary)
  A hobgoblin zombie (Ossuary)
  2 kobold skeletons (Ossuary)
  3 kobold zombies (Ossuary)
  3 orc skeletons (Ossuary)
  2 rat skeletons (Ossuary)
  2 rat zombies (Ossuary)
23 creatures vanquished.

Grand Total: 343 creatures vanquished

Notes
Turn   | Place    | Note
-------+----------+-------------------------------------------
     0 | D:1      | Grinner the Troll Monk began the quest for the Orb.
     0 | D:1      | Reached XP level 1. HP: 22/22 MP: 0/0
   118 | D:1      | Reached XP level 2. HP: 29/29 MP: 1/1
   384 | D:1      | You fall through a shaft!
   398 | D:2      | Reached XP level 3. HP: 36/36 MP: 2/2
   454 | D:1      | Reached skill level 4 in Unarmed Combat
   761 | D:2      | Reached XP level 4. HP: 43/44 MP: 3/3
   844 | D:2      | Found a hazy altar of Hepliaklqana.
  1166 | D:2      | Found a faded altar of an unknown god.
  1438 | D:3      | Noticed Natasha
  1444 | D:3      | Killed Natasha
  1444 | D:3      | Reached skill level 5 in Unarmed Combat
  1789 | D:3      | Reached XP level 5. HP: 50/50 MP: 4/4
  1926 | D:3      | Noticed Natasha
  1938 | D:3      | Killed Natasha
  2029 | D:3      | Noticed an ogre
  2039 | D:3      | Killed an ogre
  2055 | D:3      | Reached XP level 6. HP: 59/59 MP: 5/5
  2214 | D:3      | Reached skill level 6 in Unarmed Combat
  2543 | D:4      | Found a glowing golden altar of the Shining One.
  2654 | D:4      | Reached XP level 7. HP: 64/66 MP: 6/6
  2751 | D:4      | Reached skill level 7 in Unarmed Combat
  3278 | D:5      | Entered Level 5 of the Dungeon
  3278 | D:5      | Noticed Edmund
  3278 | D:5      | Noticed Eustachio
  3285 | D:5      | Killed Edmund
  3297 | D:5      | Killed Eustachio
  3297 | D:5      | Reached skill level 8 in Unarmed Combat
  3375 | D:5      | Reached XP level 8. HP: 68/74 MP: 7/7
  3423 | D:5      | Reached skill level 5 in Dodging
  3552 | D:5      | Noticed Dowan
  3553 | D:5      | Noticed Duvessa
  3571 | D:5      | Killed Duvessa
  3576 | D:5      | Killed Dowan
  3592 | D:5      | Reached skill level 9 in Unarmed Combat
  3654 | D:5      | Noticed Pikel
  3672 | D:5      | Killed Pikel
  3999 | D:6      | Reached skill level 10 in Unarmed Combat
  4045 | D:6      | Reached XP level 9. HP: 76/80 MP: 8/8
  4790 | D:7      | Found a basalt altar of Yredelemnul.
  4796 | D:7      | Found a staircase to the Ecumenical Temple.
  5452 | D:8      | Reached skill level 11 in Unarmed Combat
  5625 | D:8      | Found a sand-covered staircase.
  5644 | Ossuary  | Entered an ossuary
  5856 | Ossuary  | Noticed Menkaure
  5864 | Ossuary  | Killed Menkaure
  6180 | D:9      | Noticed ArseElementalist's ghost (journeyman HaWr)
  6189 | D:9      | Gained mutation: You are partially covered in yellow scales. (AC +2) [mutagenic meat]
  6190 | D:9      | Gained mutation: You have sharp toenails. [mutagenic meat]
  6192 | D:9      | Gained mutation: You are resistant to hostile enchantments. (MR+) [mutagenic meat]
  6193 | D:9      | Gained mutation: You have a pair of small antennae on your head. [mutagenic meat]
  6194 | D:9      | Lost mutation: You have sharp toenails. [mutagenic meat]
  6275 | D:9      | Killed ArseElementalist's ghost
  6275 | D:9      | Reached skill level 12 in Unarmed Combat
  6275 | D:9      | Reached XP level 10. HP: 88/88 MP: 9/9
  6420 | D:9      | Found a sparkling altar of Nemelex Xobeh.
  6426 | D:9      | Found a shadowy altar of Dithmenos.
  6755 | D:10     | Entered Level 10 of the Dungeon
  7794 | D:11     | Identified Ejosoefe's Compendium of Weightlessness and Transmutation
  7799 | D:11     | Learned a level 2 spell: Sticks to Snakes
  7866 | D:11     | Found a staircase to the Lair.
  7909 | D:11     | Found a deep blue altar of Sif Muna.
  7923 | D:11     | Killed an unseen horror
  7950 | D:11     | Reached skill level 1 in Transmutations
  7956 | D:11     | Reached skill level 13 in Unarmed Combat
  7959 | D:11     | Reached skill level 1 in Spellcasting
  8036 | Lair:1   | Entered Level 1 of the Lair of Beasts
  8108 | Lair:1   | Reached XP level 11. HP: 53/94 MP: 12/12
  9031 | Lair:2   | Found a staircase to the Swamp.
  9325 | Lair:2   | Reached skill level 14 in Unarmed Combat
  9399 | Lair:2   | Noticed a four-headed hydra
  9448 | Lair:3   | Noticed a four-headed hydra
  9771 | Lair:5   | Found a staircase to the Slime Pits.
  9797 | Slime:1  | Entered Level 1 of the Pits of Slime
  9809 | Slime:1  | Noticed an acid blob
  9812 | Slime:1  | Noticed an acid blob
 10694 | Slime:2  | Noticed an azure jelly
 10699 | Slime:3  | Noticed a shining eye
 10708 | Slime:4  | Noticed an acid blob
 10710 | Slime:5  | Entered Level 5 of the Pits of Slime
 10710 | Slime:5  | Noticed a shining eye
 10715 | Slime:5  | Noticed an acid blob
 10720 | Slime:5  | Noticed an acid blob
 10721 | Slime:5  | Noticed an acid blob
 10723 | Slime:5  | Found a viscous altar of Jiyva.
 10723 | Slime:5  | Noticed a shining eye
 10723 | Slime:5  | Noticed a great orb of eyes
 10727 | Slime:5  | Noticed the Royal Jelly
 10727 | Slime:5  | Noticed a great orb of eyes
 10727 | Slime:5  | Gained mutation: You are frail. (-10% HP) [a shining eye]
 10728 | Slime:5  | Killed a shining eye
 10737 | Slime:5  | Noticed an acid blob
 10747 | Slime:5  | HP: 4/84 [acid (10)]
 10750 | Slime:5  | Killed from afar by an acid blob

Skill      XL: |  1  2  3  4  5  6  7  8  9 10 11 |
---------------+----------------------------------+-----
Unarmed Combat | 4 5 6 8 10 12 13 14 | 14.4
Dodging        | 3 4 6 7 8 9 |  9.1
Transmutations | 2 4 |  4.0
Spellcasting   | 1 3 |  3.1
Fighting       | |  2.4
Stealth        | |  1.0

Action                   |  1- 3 |  4- 6 |  7- 9 | 10-12 || total
-------------------------+-------+-------+-------+-------++-------
Melee: Unarmed           |   124 |   130 |   368 |   387 ||  1009
       Punch             |     3 |     2 |    19 |    25 ||    49
Evoke: Wand              |       |     5 |     4 |     6 ||    15
  Use: Potion            |       |       |     4 |     4 ||     8
       Scroll            |       |       |     1 |    33 ||    34
 Stab: Sleeping          |     4 |     1 |     6 |     5 ||    16
       Distracted        |       |     1 |       |     1 ||     2
  Eat: Chunk             |    12 |    14 |    37 |    43 ||   106
Armor: Robe              |    60 |    22 |    76 |    57 ||   215
Dodge: Dodged            |    80 |    72 |   195 |   246 ||   593
